 Dungeon Crawl Stone Soup version 0.23-a0-671-g42e8185 (webtiles) character file.

2 DrEnzyme the Skirmisher (level 1, -10/17 HPs)
             Began as a Centaur Wanderer on Jan 8, 2019.
             Mangled by a goblin
             ... wielding a +4 dagger of electrocution
              (14 damage)
             ... on level 1 of the Dungeon.
             The game lasted 00:02:39 (261 turns).

DrEnzyme the Skirmisher (Centaur Wanderer)           Turns: 261, Time: 00:02:42

Health: -10/17     AC:  4    Str: 12    XL:     1   Next: 33%
Magic:  1/1        EV: 10    Int: 12    God:
Gold:   0          SH:  0    Dex:  9    Spells: 0/0 levels left

rFire    . . .     SeeInvis .   a - +2 dagger
rCold    . . .     Gourm    .   (no shield)
rNeg     . . .     Faith    .   f - +0 robe
rPois    .         Spirit   .   (no helmet)
rElec    .         Reflect  .   (no cloak)
rCorr    .         Harm     .   (no gloves)
MR       .....                  (no barding)
Stlth    +.........             (no amulet)
HPRegen  0.05/turn              (no ring)
MPRegen  0.07/turn              (no ring)

@: very quick
A: large, hooves 3, deformed body, speed 2, tough skin 3
a: no special abilities


You were on level 1 of the Dungeon.
You were not hungry.

You visited 1 branch of the dungeon, and saw 1 of its levels.

Inventory:

Hand Weapons
 a - a +2 dagger (weapon)
 b - a +0 blowgun
Missiles
 d - 5 poisoned needles
Armour
 f - a +0 robe (worn)
Potions
 c - a potion of lignification
 e - a potion of haste
 h - a potion of curing {unknown}
Comestibles
 g - a ration
 i - 6 chunks of flesh


   Skills:
 * Level 2.2 Fighting
 + Level 1.1 Throwing
 - Level 2.1 Dodging
 - Level 1.1 Stealth
 - Level 1.0 Unarmed Combat
   Level 1.0 Evocations


You couldn't memorise any spells.
You didn't know any spells.
Your spell library was empty.

Dungeon Overview and Level Annotations

Branches:
Dungeon (1/15)

Altars:


Innate Abilities, Weirdness & Mutations

You have hooves in place of feet.
Armour fits poorly on your strangely shaped body.
You cover ground very quickly.
You have extremely tough skin. (AC +3)


Message History

You shoot a poisoned needle.
The poisoned needle closely misses the goblin.
Firing (i - inventory)
d - 6 poisoned needles (quivered)
Press: ? - help, Shift-Dir - straight line, f/p - goblin
Aim: a goblin, wielding a +4 dagger of electrocution You shoot a poisoned needle.
The poisoned needle hits the goblin.
Wield which item (- for none, * to show all)? (? for menu, Esc to quit)
a - a +2 dagger (weapon)
The goblin hits you but does no damage.
You are electrocuted!
Ouch! That really hurt!
You miss the goblin. You kick the goblin.
The goblin is heavily wounded.
The goblin hits you with a +4 dagger of electrocution.
You barely miss the goblin.
The goblin is heavily wounded.
The goblin hits you with a +4 dagger of electrocution.
* * * LOW HITPOINT WARNING * * *
You are electrocuted!
Ouch! That really hurt!
You die...

#..##.......##..##
..##)'######.##.รท#
.##.##.....##.##.#
.#.##.'####.##.#.#
)#(#.##...##.#.#(#
.#.#.#.##'.#.#.#(#
.#.#.#โ‰ˆ#<#.#.#.#.#
.#.#.#.###.#โ‰ˆ#.#g#
.#.#.##...##.#.#@#
.#.##.#####.##.#.#
.##.##.....##.##.#
..##.#######.##..#
...##..โ‰ˆ....##..##
.#..#########..##
.##...........##
.#####..####### .#
#.##


You could see a goblin.

Vanquished Creatures
  A hobgoblin (D:1)
  2 ball pythons (D:1)
3 creatures vanquished.

Notes
Turn   | Place    | Note
-------+----------+-------------------------------------------
     0 | D:1      | DrEnzyme the Centaur Wanderer began the quest for the Orb.
     0 | D:1      | DrEnzyme set off with the following items: a +2 dagger, a
                  | potion of haste, a potion of lignification, 14 poisoned
                  | needles, a +0 blowgun, a +0 robe, a ration
     0 | D:1      | Reached XP level 1. HP: 17/17 MP: 1/1
   261 | D:1      | Mangled by a goblin

Vault maps used:
D:1:      evilmike_arrival_rings, dk_noncrumbling_4

Action                   || total
-------------------------++-------
Melee: Dagger            ||     2
       Kick              ||     1
 Fire: Blowgun           ||    12

Table legend:
 A = Non-vault XP
 B = Vault XP
 C = Vault XP percentage of total XP
 D = Non-vault monster count
 E = Vault monster count
 F = Vault count percentage of total count
                 A         B        C        D         E       F
            +---------+---------+-------+---------+---------+-------
      Total |       4 |       0 |   0.0 |       3 |       0 |   0.0
            +---------+---------+-------+---------+---------+-------
        D:1 |       4 |       0 |   0.0 |       3 |       0 |   0.0
            +---------+---------+-------+---------+---------+-------
